 Dungeon Crawl Stone Soup version 0.30-a0-711-gf4ac18a38d (webtiles) character file.

Game seed: 55851069975677915

597 wormed the Magician (level 7, -8/40 HPs)
             Began as a Deep Elf Fire Elementalist on Jan 23, 2023.
             Mangled by a troll (15 damage)
             ... on level 5 of the Dungeon.
             The game lasted 00:04:44 (4786 turns).

wormed the Magician (Deep Elf Fire Elementalist)    Turns: 4786, Time: 00:04:44

Health: -8/40      AC:  5    Str:  5    XL:     7   Next: 17%
Magic:  5/16       EV: 14    Int: 22    God:
Gold:   208        SH:  0    Dex: 15    Spells: 8/16 levels left

rFire   . . .      SeeInvis .    f - staff of air
rCold   . . .      Faith    .    (no shield)
rNeg    . . .      Spirit   .    a - +0 robe
rPois   .          Reflect  .    n - +1 helmet
rElec   +          Harm     .    (no cloak)
rCorr   .          Rampage  .    h - +0 pair of gloves
Will    .....                    (no boots)
Stlth   +++                      (no amulet)
HPRegen 0.26/turn                (no ring)
MPRegen 0.15/turn                (no ring)

@: no status effects
A: no striking features
a: no special abilities


You were on level 5 of the Dungeon.
You visited 1 branch of the dungeon, and saw 5 of its levels.

You collected 208 gold pieces.

Inventory:

Missiles
 u - 2 throwing nets
Armour
 a - a +0 robe (worn)
 h - a +0 pair of gloves (worn)
 n - a +1 helmet (worn)
Magical Staves
 f - a staff of air (weapon)
Jewellery
 c - a ring of flight
 g - a ring of wizardry
Wands
 m - a wand of charming (15)
 v - a wand of mindburst (13)
Scrolls
 e - a scroll of amnesia
 l - 2 scrolls of teleportation
Potions
 b - a potion of heal wounds
 d - 2 potions of mutation
 j - a potion of cancellation
 k - 3 potions of resistance
 p - 2 potions of berserk rage {unknown}
 r - a potion of attraction {unknown}
 s - a potion of brilliance {unknown}
 t - 2 potions of curing {unknown}


   Skills:
 + Level 2.3 Fighting
 + Level 4.4 Dodging
 + Level 4.7 Stealth
 + Level 5.1 Spellcasting
 + Level 3.3 Conjurations
 + Level 4.7 Fire Magic


You had 8 spell levels left.
You knew the following spells:

 Your Spells              Type           Power      Damage    Failure   Level
a - Foxfire               Conj/Fire      92%        2x1d8     1%          1
b - Scorch                Fire           52%        2d7       2%          2
c - Inner Flame           Hex/Fire       16%        N/A       12%         3
k - Blink                 Tloc           10%        N/A       16%         2

Your spell library contained the following spells:

 Spells                   Type           Power      Damage    Failure   Level
 Momentum Strike          Conj/Tloc      24%        3d8       8%          2
 Beastly Appendage        Tmut           10%        N/A       10%         1
 Ensorcelled Hibernation  Hex/Ice        10%        N/A       16%         2
 Lesser Beckoning         Tloc           10%        N/A       16%         2
 Wereblood                Tmut           5%         N/A       16%         2
 Kindle Blastsparks       Fire/Tloc/Air  36%        2d13      16%         3
 Flame Wave               Conj/Fire      23%        2d8       19%         4
 Spider Form              Tmut/Pois      5%         N/A       30%         3
 Anguish                  Hex/Necr       2%         N/A       69%         4


Dungeon Overview and Level Annotations

Branches:
Dungeon (5/15)
 Temple: D:4-7

Altars:
Gozag


Message History

Flames lash the troll.
The troll is lightly wounded.
The troll's fire resistance burns away.
The foxfire hits the troll!
The troll is burned terribly!
The troll is moderately wounded.
The foxfire hits the troll.
The troll is moderately wounded.
Casting: Scorch (safe; 2% risk of failure)
Confirm with . or Enter, or press ? or * to list all spells.
Flames lash the troll.
The troll is burned terribly!
The troll is heavily wounded.
The troll completely misses you. The troll claws you! x2
Casting: Scorch (safe; 2% risk of failure)
Confirm with . or Enter, or press ? or * to list all spells.
Flames lash the jelly.
The jelly is heavily wounded.
The jelly's fire resistance burns away.
The troll bites you but does no damage. The troll claws you.
The troll claws you but does no damage.
The jelly jiggles.
Casting: Scorch (safe; 2% risk of failure)
Confirm with . or Enter, or press ? or * to list all spells.
You conjure some foxfire!
The troll misses you. The troll claws you!
* * * LOW HITPOINT WARNING * * *
The troll closely misses you.
Casting: Foxfire (safe; 1% risk of failure)
Confirm with . or Enter, or press ? or * to list all spells.
Flames lash the jelly.
The jelly is burned terribly!
You kill the jelly!
The foxfire hits the troll but does no damage.
The troll is heavily wounded.
The foxfire hits the troll.
The troll is heavily wounded.
The troll completely misses you. The troll barely misses you.
The troll closely misses you.
Casting: Scorch (safe; 2% risk of failure)
Confirm with . or Enter, or press ? or * to list all spells.
Flames lash the troll.
The troll is burned terribly!
The troll is severely wounded.
The troll bites you!
You die...

#.....##.# #.......#
.########...##
#.#.#####
............###.###<#.#
##########............#
#.############ #.# #.#
###.##### #..@....#
#.#T###.# #.#.# # #.#
... ... ..... .....
###.###


You could see a troll (combustible).

Vanquished Creatures
  Grinder (D:3)
  A phantom (D:4)
  A jelly (D:5)
  A hound (D:4)
  An orc priest (D:4)
  2 iguanas
  An orc wizard (D:4)
  An adder (D:3)
  7 gnolls (D:4)
  5 worms
  A dart slug (D:4)
  3 orcs (D:4)
  4 ball pythons
  4 endoplasms
  3 giant cockroaches
  7 hobgoblins
  2 jackals (D:3)
  6 kobolds
  A quokka (D:1)
  3 bats
  5 frilled lizards
  8 goblins
  5 rats
73 creatures vanquished.

Vanquished Creatures (others)
  67 foxfires
67 creatures vanquished.

Grand Total: 140 creatures vanquished

Notes
Turn   | Place    | Note
-------+----------+-------------------------------------------
     0 | D:1      | wormed the Deep Elf Fire Elementalist began the quest for
                  | the Orb.
     0 | D:1      | Reached XP level 1. HP: 10/10 MP: 6/6
   259 | D:1      | Reached XP level 2. HP: 16/16 MP: 6/8
   337 | D:1      | Learned a level 2 spell: Scorch
  1231 | D:2      | Found a faded altar of an unknown god.
  1437 | D:2      | Reached XP level 3. HP: 20/20 MP: 2/9
  2111 | D:2      | Learned a level 3 spell: Inner Flame
  2245 | D:3      | Noticed Grinder
  2252 | D:3      | Killed Grinder
  2253 | D:3      | Reached skill level 1 in Fighting
  2253 | D:3      | Reached skill level 4 in Spellcasting
  2253 | D:3      | Reached XP level 4. HP: 19/25 MP: 1/12
  2253 | D:3      | Reached XP level 5. HP: 22/29 MP: 1/13
  3238 | D:3      | Learned a level 2 spell: Blink
  3326 | D:4      | Reached XP level 6. HP: 35/35 MP: 10/14
  4042 | D:4      | Found an opulent altar of Gozag.
  4334 | D:4      | Reached XP level 7. HP: 40/40 MP: 11/16
  4337 | D:4      | Reached skill level 5 in Spellcasting
  4624 | D:5      | Entered Level 5 of the Dungeon
  4776 | D:5      | Noticed a troll
  4786 | D:5      | Mangled by a troll

Illustrated notes

Levels and vault maps discovered:
D:1:      onia_arrival_mini_maze_b, layout_basic, hex_tiny,
          minmay_misc_feat_square, chequers_serial_rivers_micro_c
D:2:      layout_loops_corners, nicolae_ecumenical_lake_church
D:3:      layout_loops_corners, uniq_grinder
D:4:      minmay_angry_zag, layout_loops_ring, kennysheep_little_box
D:5:      layout_loops_corners, mainiacjoe_overflow_surrounded_room,
          gup_sewer_entry_spiral

Skill      XL: |  1  2  3  4  5  6  7 |
---------------+----------------------+-----
Fighting       | 1 2 |  2.3
Dodging        | 3 4 |  4.4
Stealth        | 3 4 |  4.7
Spellcasting   | 4 5 |  5.1
Conjurations   | 2 3 |  3.3
Fire Magic     | 4 |  4.7

Action                     |  1- 3 |  4- 6 |  7- 9 || total
---------------------------+-------+-------+-------++-------
  Melee: Staff             |       |     7 |       ||     7
   Cast: Foxfire           |    16 |    19 |     2 ||    37
         Scorch            |    26 |    55 |    16 ||    97
    Use: Potion            |       |     1 |       ||     1
         Scroll            |       |       |     9 ||     9
 Armour: Robe              |     2 |     4 |     4 ||    10
  Dodge: Dodged            |     1 |    27 |     6 ||    34

Table legend: (Time is in decaauts)
 A = Elapsed time spent in this place.
 B = Non-inter-level travel time spent in this place.
 C = Inter-level travel time spent in this place.
 D = Time resting spent in this place.
 E = Time spent auto-exploring this place.
 F = Levels seen in this place.
 G = Mean time per level.
                   A        B        C        D        E       F      G
               +--------+--------+--------+--------+--------+-----+--------+
         Total |   4785 |   4704 |     81 |      0 |   4132 |   5 |  957.0 |
       Dungeon |   4785 |   4704 |     81 |      0 |   4132 |   5 |  957.0 |
               +--------+--------+--------+--------+--------+-----+--------+

Top non-repeatable levels by time:
     D:4: 1371 daAuts
     D:3: 1141 daAuts
     D:1: 1105 daAuts
     D:2: 1005 daAuts
     D:5: 161 daAuts
